 Dungeon Crawl Stone Soup version 0.31.0-11-ge490571c62 (webtiles) character file.

Game seed: 3732505916199914207

207 qw the Shooter (level 5, -8/26 HPs)
             Began as a Spriggan Hunter on Feb 5, 2024.
             Killed by divine providence
             ... invoked by an orc priest
              (12 damage)
             ... on level 4 of the Dungeon.
             The game lasted 00:00:47 (2187 turns).

qw the Shooter (Spriggan Hunter)                    Turns: 2187, Time: 00:00:47

Health: -8/26      AC:  2    Str:  7    XL:     5   Next: 54%
Magic:  6/6        EV: 20    Int: 11    God:
Gold:   115        SH:  0    Dex: 20    Spells: 4/4 levels left

rFire   . . .        a - +1 shortbow
rCold   . . .        (shield currently unavailable)
rNeg    . . .        c - +0 robe
rPois   .            (helmet restricted)
rElec   .            (no cloak)
rCorr   .            (gloves unavailable)
SInv    +            (boots unavailable)
Will    .....        (no amulet)
Stlth   ++           (no ring)
HPRegen 0.24/turn    (no ring)
MPRegen 0.10/turn

%: no passive effects
@: very quick
A: very small, no large weapons, unfitting armour, see invisible, speed 3
a: no special abilities


You were on level 4 of the Dungeon.
You visited 1 branch of the dungeon, and saw 4 of its levels.

You collected 115 gold pieces.


Innate Abilities, Weirdness & Mutations

You are very small and have problems with some larger weapons.
You are too small for most types of armour.
You have supernaturally acute eyesight. (SInv)
You cover ground extremely quickly. (Speed+++)


   Skills:
 - Level 2.0 Fighting
 + Level 5.8 Ranged Weapons
 - Level 5.0 Dodging
 - Level 1.5 Stealth


You had 4 spell levels left.
You didn't know any spells.
Your spell library was empty.

Inventory:

Hand Weapons
 a - a +1 shortbow (weapon)
Armour
 c - a +0 robe (worn)
Potions
 e - a potion of enlightenment
 h - a potion of heal wounds {unknown}

Dungeon Overview and Level Annotations

Branches:
Dungeon (4/15)
 Temple: D:4-7

Altars:
Ashenzari
Gozag
Makhleb

Shops:
D:1 *


Message History

You shoot an arrow. The arrow hits the orc.
The orc shouts!
The orc is lightly wounded.
You shoot an arrow. The arrow barely misses the orc.
You shoot an arrow. The arrow hits the orc!
You kill the orc!
You see here a staff of air.
Found 5 stones.
You now have 115 gold pieces (gained 10).
An orc comes into view. It is wielding a +1 dagger of venom.
You shoot an arrow. The arrow hits the orc.
The orc shouts!
The orc is moderately wounded.
You hear a shout!
You shoot an arrow. The arrow hits the orc.
You kill the orc!
An orc and 2 orc priests come into view.
The orc priest shouts! x2
An orc priest comes into view. It is wielding a +0 hand axe.
The orc priest looks encouraged for a moment.
You shoot an arrow. The arrow barely misses the orc.
The arrow barely misses the orc priest.
The orc priest calls down the wrath of Beogh upon you.
Beogh smites you!
Ouch! That really hurt!
You shoot an arrow. The arrow hits the orc!
You kill the orc!
You shoot an arrow. The arrow barely misses the orc priest.
The arrow hits the orc priest.
The orc priest is moderately wounded.
The orc priest calls down the wrath of Beogh upon you.
Pain shoots through your body!
You shoot an arrow. The arrow hits the orc priest.
The orc priest is lightly wounded.
The orc priest hits you with a +0 dagger.
You shoot an arrow. The arrow hits the orc priest!
The orc priest is severely wounded.
The orc priest invokes the aid of Beogh against you.
Beogh smites you!
You die...

#####.#
#.# #.#
#.# #.#
#.# #.#
#.# #@#
#.oo#
###o.#
#...
####


You could see 3 orc priests.

Vanquished Creatures
  A scorpion (D:4)
  A gnoll (D:1)
  7 adders
  4 dart slugs
  2 ribbon worms (D:3)
  3 orcs (D:4)
  5 bats
  4 endoplasms
  A giant cockroach (D:1)
  5 hobgoblins
  4 quokkas
  6 ball pythons
  5 frilled lizards
  5 goblins
  3 kobolds
  6 rats
62 creatures vanquished.

Notes
Turn   | Place    | Note
-------+----------+-------------------------------------------
     0 | D:1      | qw the Spriggan Hunter began the quest for the Orb.
     0 | D:1      | Reached XP level 1. HP: 10/10 MP: 2/2
     0 | D:1      | 0 ||| qw: Version: 0.3-a-160-g6735b56
     0 | D:1      | 0 ||| qw: Game counter: 6342
     0 | D:1      | 0 ||| qw: Melee chars always use a shield: true
     0 | D:1      | 0 ||| qw: God list: Okawaru
     0 | D:1      | 0 ||| qw: Allow faded altars: false
     0 | D:1      | 0 ||| qw: Do Orc after clearing Dungeon:15 true
     0 | D:1      | 0 ||| qw: Do second Lair branch before Depths: true
     0 | D:1      | 0 ||| qw: Lair rune preference: random
     0 | D:1      | 0 ||| qw: Goals: Normal
     0 | D:1      | 0 ||| PLANNING D:1-11
    60 | D:1      | Reached skill level 3 in Dodging
   144 | D:1      | Reached XP level 2. HP: 14/14 MP: 3/3
   156 | D:1      | Found Kilal's General Store.
   165 | D:1      | 165 ||| SHOPLISTING +2 robe of fire resistance (194 gold,
                  | have 4).
   165 | D:1      | 165 ||| SHOPLISTING potion of cancellation (88 gold, have
                  | 4).
   165 | D:1      | 165 ||| SHOPLISTING scroll of identify (22 gold, have 4).
   284 | D:1      | HP: 1/14 [gnoll/+0 club (6)]
   423 | D:1      | Reached XP level 3. HP: 18/18 MP: 4/4
   682 | D:1      | 682 ||| READING scroll labelled ITALINAKIPH.
   682 | D:1      | 682 ||| ENCHANTING +0 shortbow.
   683 | D:1      | 683 ||| READING scroll labelled QECUOZ WUSHEARCH.
   784 | D:1      | 784 ||| READING scroll labelled YSAUTO BITUOP.
   784 | D:1      | 784 ||| IDENTIFYING viscous blue potion
   785 | D:1      | 785 ||| DROPPING scroll of butterflies.
   786 | D:1      | 786 ||| DROPPING potion of brilliance.
  1021 | D:2      | HP: 4/18 [adder (3)]
  1166 | D:2      | Reached XP level 4. HP: 22/22 MP: 5/5
  1392 | D:2      | 1392 ||| DROPPING ring of magical power.
  1393 | D:2      | 1393 ||| READING scroll of identify.
  1393 | D:2      | 1393 ||| IDENTIFYING bubbling blue potion
  1394 | D:2      | 1394 ||| READING 2 scrolls labelled HIAKHLAZ OLIE.
  1395 | D:2      | 1395 ||| READING scroll labelled MELEUC SOAD.
  1436 | D:2      | 1436 ||| DROPPING scroll of blinking.
  1477 | D:3      | Found a faded altar of an unknown god.
  1670 | D:3      | Found a broken altar of Ashenzari.
  1770 | D:3      | Found a burning altar of Makhleb.
  1821 | D:3      | Reached XP level 5. HP: 26/26 MP: 6/6
  1894 | D:3      | Found an opulent altar of Gozag.
  2077 | D:3      | 2077 ||| READING scroll of identify.
  2077 | D:3      | 2077 ||| IDENTIFYING dark potion
  2078 | D:3      | 2078 ||| READING 5 scrolls labelled GOITAN WIHA.
  2079 | D:3      | 2079 ||| READING scroll labelled CASUFU RADAICI.
  2083 | D:3      | 2083 ||| DROPPING 4 scrolls of revelation.
  2084 | D:3      | 2084 ||| DROPPING potion of ambrosia.
  2185 | D:4      | HP: 5/26 [orc priest/nerve-wracking pain (6)]
  2187 | D:4      | Killed from afar by an orc priest

Levels and vault maps discovered:
D:1:      minmay_arrival_diagonal_passages, layout_basic, serial_shops,
          nicolae_shop_tiny_statue_garden
D:2:      layout_rooms
D:3:      layout_basic, mainiacjoe_overflow_alcove_2, marbit_many_paths,
          lemuel_crystal_altar, basic_ecumenical_altar
D:4:      wad_crossroads, layout_basic, nicolae_overflow_hallway_of_the_gods,
          kennysheep_pointless_box, nicolae_tricolors, uniq_sigmund

Skill      XL: |  1  2  3  4 |
---------------+-------------+-----
Dodging        | 3 4 5 |  5.0
Ranged Weapons | 5 |  5.8
Fighting       | 2 |  2.0
Stealth        | |  1.5

Action                     |  1- 3 |  4- 6 || total
---------------------------+-------+-------++-------
   Fire: Shortbow          |   108 |    70 ||   178
    Use: Scroll            |     3 |     6 ||     9
 Armour: Robe              |    19 |     2 ||    21
  Dodge: Dodged            |    43 |    11 ||    54

Table legend:
 A = Non-vault XP
 B = Vault XP
 C = Vault XP percentage of total XP
 D = Non-vault monster count
 E = Vault monster count
 F = Vault count percentage of total count
                 A         B        C        D         E       F
            +---------+---------+-------+---------+---------+-------
      Total |     294 |       2 |   0.7 |      61 |       1 |   1.6
            +---------+---------+-------+---------+---------+-------
        D:1 |      43 |       0 |   0.0 |      20 |       0 |   0.0
        D:2 |      75 |       0 |   0.0 |      16 |       0 |   0.0
        D:3 |      78 |       2 |   2.5 |      20 |       1 |   4.8
        D:4 |      98 |       0 |   0.0 |       5 |       0 |   0.0
            +---------+---------+-------+---------+---------+-------
